 Dungeon Crawl Stone Soup version 0.29-a0-219-g0a02b1cf4f (webtiles) character file.

Game seed: 9618210905659425094

199 shoop the Archer (level 5, 0/43 HPs)
             Began as a Deep Elf Hunter on Feb 25, 2022.
             Slain by a kobold brigand
             ... wielding a +0 whip
              (4 damage)
             ... on level 7 of the Dungeon.
             The game lasted 00:02:38 (2884 turns).

shoop the Archer (Deep Elf Hunter)                  Turns: 2884, Time: 00:02:39

Health: 0/43       AC: 22    Str:  9    XL:     5   Next: 48%
Magic:  7/7        EV:  2    Int: 18    God:
Gold:   116        SH:  0    Dex: 15    Spells: 4/4 levels left

rFire   . . .      SeeInvis .   a - +1 shortbow
rCold   . . .      Faith    .   (shield currently unavailable)
rNeg    . . .      Spirit   .   (body armour currently unavailable)
rPois   +          Reflect  .   (helmet currently unavailable)
rElec   .          Harm     .   (cloak currently unavailable)
rCorr   .          Rampage  .   (gloves currently unavailable)
Will    .....      NoTele   +   (boots currently unavailable)
Stlth   ++........              (no amulet)
HPRegen 0.14/turn               (no ring)
MPRegen 0.10/turn               (no ring)

@: lethally poisoned (0 -> -1), tree-form
A: stationary, stasis, torment immunity, boosted hp
a: no special abilities


You were on level 7 of the Dungeon.
You were a tree.
You visited 1 branch of the dungeon, and saw 5 of its levels.

You collected 116 gold pieces.

Inventory:

Hand Weapons
 a - a +1 shortbow (weapon)
Armour
 b - a +0 leather armour (melded)
 j - a +0 helmet (melded)
Scrolls
 c - 2 scrolls of enchant armour {unknown}
 d - a scroll of summoning {unknown}
 f - a scroll of amnesia {unknown}
 i - a scroll of identify {unknown}
 k - a scroll of enchant weapon {unknown}
Potions
 h - a potion of haste {unknown}
 l - a potion of curing {unknown}


   Skills:
 - Level 1.5 Fighting
 + Level 9.0 Bows
 - Level 2.4 Dodging
 - Level 1.2 Stealth


You had 4 spell levels left.
You didn't know any spells.
Your spell library was empty.

Dungeon Overview and Level Annotations

Branches:
Dungeon (4/15)
 Temple: D:4-7

Altars:


Message History

The water moccasin is lightly wounded.
You feel very sick.
The water moccasin bites you but does no damage.
The kobold brigand hits you with a +0 whip.
* * * LOW HITPOINT WARNING * * *
The water moccasin bites you but does no damage.
Shoot: a) +1 shortbow
Press: ? - help, Shift-Dir - straight line, f/p - water moccasin
Aim: a water moccasin (lightly wounded, 48% to hit)
You shoot an arrow. The arrow hits the water moccasin.
The water moccasin is moderately wounded.
You feel sick.
The kobold brigand hits you but does no damage.
The water moccasin bites you but does no damage.
Shoot: a) +1 shortbow
Press: ? - help, Shift-Dir - straight line, f/p - water moccasin
Aim: a water moccasin (moderately wounded, 48% to hit)
You shoot an arrow.
The arrow barely misses the water moccasin.
You feel sick.
The water moccasin bites you but does no damage.
The kobold brigand hits you but does no damage.
The water moccasin bites you but does no damage.
Shoot: a) +1 shortbow
Press: ? - help, Shift-Dir - straight line, f/p - water moccasin
Aim: a water moccasin (moderately wounded, 48% to hit)
You shoot an arrow. The arrow hits the water moccasin.
The water moccasin is heavily wounded.
You feel sick.
The kobold brigand hits you but does no damage.
The water moccasin bites you but does no damage.
Shoot: a) +1 shortbow
Press: ? - help, Shift-Dir - straight line, f/p - water moccasin
Aim: a water moccasin (heavily wounded, 48% to hit)
You shoot an arrow.
The arrow closely misses the water moccasin.
You feel sick. The water moccasin bites you.
* * * LOW HITPOINT WARNING * * *
The kobold brigand hits you with a +0 whip.
You die...

#####.. #.#.#.)
..(!... ....
....... ....
#....) .....
#...## .....
#..##.KS### ......
#......♣..##......
..........>.......
.#..............#
#..............#
..................
..................
.................#
.................#
....#....##...##


You could see a water moccasin and a kobold brigand.

Vanquished Creatures
  A necrophage (D:2)
  4 gnolls (D:3)
  3 adders (D:2)
  A dart slug (D:1)
  2 worms
  An orc (D:3)
  2 endoplasms (D:1)
  7 giant cockroaches
  3 goblins
  5 hobgoblins
  5 kobolds
  A quokka (D:2)
  4 bats
  A frilled lizard (D:3)
  3 rats
43 creatures vanquished.

Notes
Turn   | Place    | Note
-------+----------+-------------------------------------------
     0 | D:1      | shoop the Deep Elf Hunter began the quest for the Orb.
     0 | D:1      | Reached XP level 1. HP: 12/12 MP: 3/3
   283 | D:1      | Reached skill level 6 in Bows
   283 | D:1      | Reached XP level 2. HP: 16/16 MP: 4/4
   979 | D:2      | Reached XP level 3. HP: 20/20 MP: 5/5
  1130 | D:2      | Found a faded altar of an unknown god.
  1261 | D:2      | Noticed a necrophage
  1266 | D:2      | Killed a necrophage
  1267 | D:2      | Reached skill level 8 in Bows
  1267 | D:2      | Reached XP level 4. HP: 25/25 MP: 6/6
  1435 | D:2      | Reached XP level 5. HP: 24/29 MP: 7/7
  2491 | D:3      | Reached skill level 9 in Bows
  2866 | D:4      | You fall into a shaft and drop 3 floors!
  2871 | D:7      | Noticed a water moccasin
  2884 | D:7      | Slain by a kobold brigand

Illustrated notes

Levels and vault maps discovered:
D:1:      dpeg_arrival_brainrot, layout_basic
D:2:      layout_basic, dreamdust_ecumenical_altar_statues
D:3:      layout_basic
D:4:      layout_rooms, nicolae_ru_sacrificial_ziggurat,
          overflow_temple_1_default, minmay_overflow_temple_star_quad,
          uniq_edmund, uniq_blork_the_orc
D:7:      layout_cave_pools, zin_treasury, temple_fountains, minmay_lizard_king,
          uniq_harold, uniq_duvessa, uniq_pikel

Skill      XL: |  1  2  3  4  5 |
---------------+----------------+-----
Bows           | 6 8 9 |  9.0
Fighting       | |  1.5
Dodging        | |  2.4
Stealth        | |  1.2

Action                   |  1- 3 |  4- 6 || total
-------------------------+-------+-------++-------
 Fire: Shortbow          |    64 |    69 ||   133
  Use: Potion            |       |     2 ||     2
Armor: Leather armour    |     6 |     3 ||     9
       Skin              |       |    10 ||    10
Dodge: Dodged            |     6 |    17 ||    23

Table legend: (Time is in decaauts)
 A = Elapsed time spent in this place.
 B = Non-inter-level travel time spent in this place.
 C = Inter-level travel time spent in this place.
 D = Time resting spent in this place.
 E = Time spent auto-exploring this place.
 F = Levels seen in this place.
 G = Mean time per level.
                   A        B        C        D        E       F      G
               +--------+--------+--------+--------+--------+-----+--------+
         Total |   2908 |   2791 |    117 |    264 |   2246 |   5 |  581.6 |
       Dungeon |   2908 |   2791 |    117 |    264 |   2246 |   5 |  581.6 |
               +--------+--------+--------+--------+--------+-----+--------+

Top non-repeatable levels by time:
     D:1: 980 daAuts
     D:3: 946 daAuts
     D:2: 944 daAuts
     D:7: 19 daAuts
     D:4: 18 daAuts
